 Dungeon Crawl Stone Soup version 0.26-a0-651-gb41185065b (webtiles) character file.

Game seed: 1001216410524687136

1836 kae the Grappler (level 8, -2/59 HPs)
             Began as a Purple Draconian Transmuter on Oct 14, 2020.
             Was a Priest of Uskayaw.
             Killed by divine providence
             ... invoked by an orc priest
              (11 damage)
             ... on level 7 of the Dungeon.
             The game lasted 00:06:12 (7894 turns).

kae the Grappler (Purple Draconian Transmuter)      Turns: 7894, Time: 00:06:12

Health: -2/59      AC:  2    Str: 20    XL:     8   Next: 87%
Magic:  9/11       EV: 19    Int: 13    God:    Uskayaw [***...]
Gold:   225        SH:  0    Dex: 18    Spells: 5/11 levels left

rFire    . . .     SeeInvis .     - Unarmed
rCold    . . .     Faith    .   (shield currently unavailable)
rNeg     . . .     Spirit   .   (armour unavailable)
rPois    x         Reflect  .   (helmet currently unavailable)
rElec    .         Harm     .   (cloak currently unavailable)
rCorr    .         Rampage  .   (gloves currently unavailable)
MR       +....                  (boots currently unavailable)
Stlth    ++........             (no amulet)
HPRegen  0.19/turn              a - ring of wizardry
MPRegen  0.12/turn              q - +6 ring of strength

@: spider-form
A: tiny, (breathe power), unfitting armour, AC +6
a: End Transformation, Stomp, Line Pass, Renounce Religion


You were on level 7 of the Dungeon.
You worshipped Uskayaw.
Uskayaw was noncommittal.
You were a venomous arachnid creature.
You visited 2 branches of the dungeon, and saw 8 of its levels.
You also visited: Sewer.

You collected 225 gold pieces.

Inventory:

Armour
 j - a +1 pair of gloves (melded)
Jewellery
 a - a ring of wizardry (left front leg)
 q - a +6 ring of strength (right front leg)
 s - an uncursed ring of magical power
Wands
 b - a wand of iceblast (21)
 l - a wand of digging (9)
 o - a wand of disintegration (9)
Scrolls
 e - 2 scrolls of teleportation
 g - 4 scrolls of remove curse
 m - a scroll of random uselessness
 n - a scroll of fear
 r - a scroll of enchant armour
Potions
 c - 2 potions of stabbing
 d - 2 potions of cancellation
 f - a potion of flight
 h - a potion of haste
 i - a potion of brilliance {unknown}
 k - a potion of curing {unknown}
 p - a potion of invisibility {unknown}
 u - a potion of might


   Skills:
 - Level 1.1 Fighting
 - Level 1.7 Dodging
 * Level 9.9 Unarmed Combat
 - Level 2.4 Spellcasting
 + Level 6.8 Transmutations


You had 5 spell levels left.
You knew the following spells:

 Your Spells              Type           Power        Failure   Level
a - Beastly Appendage     Tmut           ###...       2%          1
b - Wereblood             Tmut           ###.....     3%          2
c - Spider Form           Tmut/Pois      ##........   16%         3

Your spell library contained the following spells:

 Spells                   Type           Power        Failure   Level
 Corona                   Hex            #......      21%         1
 Ensorcelled Hibernation  Hex/Ice        #.....       28%         2
 Blade Hands              Tmut           ###.......   30%         5
 Ice Form                 Ice/Tmut       ##......     38%         4
 Confusing Touch          Hex            #.......     45%         3
 Dazzling Flash           Conj/Hex       #.....       45%         3
 Tukima's Dance           Hex            #.......     45%         3


Dungeon Overview and Level Annotations

Branches:
Dungeon (7/15)             Temple (1/1) D:6           Sewer (visited)

Altars:
Ashenzari
Cheibriados
Dithmenos
Elyvilon
Fedhas
Hepliaklqana
Kikubaaqudgha
Makhleb
Nemelex Xobeh
Okawaru
Qazlal
Ru
Trog
Uskayaw
Vehumet
Wu Jian
Xom
Yredelemnul
Zin
The Shining One

Shops:
D:4 [


Innate Abilities, Weirdness & Mutations

((You can breathe bolts of dispelling energy.))
((Your rich purple scales are hard. (AC +6)))
You cannot fit into any form of body armour.
((You are cold-blooded and may be slowed by cold attacks.))


Message History

* * * LOW HITPOINT WARNING * * *
You hit the orc.
You kill the orc!
The orc closely misses you.
Items here: ! $ ) / [ †.
You bite the orc!
You kill the orc!
You bite the orc!
You kill the orc!
The orc priest hits you with a +0 hand axe!
* * * LOW HITPOINT WARNING * * *
Things that are here:
a +0 hand axe; a +0 club; an orc corpse You barely miss the orc priest.
The orc priest closely misses you.
You bite the orc priest!
The orc priest is poisoned.
The orc priest is heavily wounded.
You have got your breath back.
The orc priest calls down the wrath of Beogh upon you.
Beogh smites you!
You die...

##################
#.................
#.############..>. #)#
########.#.# #)#
.........#.# #)#
##########.# #s#
.........
##.###o##############.#
#.....o..o.....######.#
######.#.5.............
#.#..............#
#.#......### #####
#.###........ .... #..
......... ####
#..#......... #.


You could see 2 orc priests.

Vanquished Creatures
  2 orc warriors
  2 sky beasts (D:6)
  Purgy (Sewer)
  A centaur (D:5)
  2 ogres
  2 bullfrogs (D:6)
  A scorpion (D:6)
  3 wights (D:6)
  A crimson imp (D:5)
  3 bullfrog zombies
  3 hounds
  2 orc wizards
  2 orc priests
  2 centaur skeletons
  An iguana (D:6)
  Ijyb (D:3)
  4 worker ants
  A hound skeleton (D:6)
  4 gnolls (D:6)
  6 adders
  A river rat (D:6)
  A shadow imp (D:7)
  2 ufetubi (D:7)
  An adder zombie (D:6)
  An adder skeleton (D:5)
  3 worms
  3 leopard geckos
  13 orcs
  5 giant cockroaches
  9 goblins
  9 hobgoblins
  14 jackals
  8 kobolds
  4 quokkas
  7 ball pythons
  6 bats
  4 frilled lizards
  5 rats
140 creatures vanquished.

Vanquished Creatures (others)
  A human (D:3)
1 creature vanquished.

Grand Total: 141 creatures vanquished

Notes
Turn   | Place    | Note
-------+----------+-------------------------------------------
     0 | D:1      | kae the Draconian Transmuter began the quest for the Orb.
     0 | D:1      | Reached XP level 1. HP: 16/16 MP: 3/3
   377 | D:1      | Reached XP level 2. HP: 11/23 MP: 3/5
  1261 | D:2      | Reached XP level 3. HP: 28/28 MP: 4/6
  1320 | D:2      | Reached skill level 4 in Unarmed Combat
  2253 | D:2      | Reached XP level 4. HP: 8/35 MP: 7/7
  2511 | D:2      | Learned a level 2 spell: Wereblood
  2515 | D:2      | Learned a level 3 spell: Spider Form
  3086 | D:3      | Found an iron altar of Okawaru.
  3178 | D:3      | Found a sparkling altar of Nemelex Xobeh.
  3190 | D:3      | Noticed an ogre
  3197 | D:3      | Killed an ogre
  3197 | D:3      | Reached skill level 5 in Unarmed Combat
  3197 | D:3      | Reached XP level 5. HP: 40/40 MP: 4/8
  3290 | D:3      | Found a radiant altar of Vehumet.
  3293 | D:3      | Found a shadowy altar of Dithmenos.
  3296 | D:3      | Found a bloodstained altar of Trog.
  3518 | D:3      | Noticed Ijyb
  3536 | D:3      | Killed Ijyb
  3671 | D:3      | Found an ancient bone altar of Kikubaaqudgha.
  3671 | D:3      | Noticed a human
  3676 | D:3      | Killed a human
  3753 | D:4      | Found a broken altar of Ashenzari.
  3939 | D:4      | Reached XP level 6. HP: 42/47 MP: 7/9
  3991 | D:4      | Reached skill level 6 in Unarmed Combat
  4135 | D:4      | Found Bopp's Antique Armour Shop.
  4258 | D:4      | Found a basalt altar of Yredelemnul.
  4258 | D:4      | Found a stormy altar of Qazlal.
  4446 | D:5      | Entered Level 5 of the Dungeon
  4719 | D:5      | Noticed an orc warrior
  4874 | D:5      | Reached skill level 7 in Unarmed Combat
  4874 | D:5      | Your scales start taking on a rich purple colour.
  4874 | D:5      | Reached XP level 7. HP: 32/52 MP: 6/10
  5392 | D:5      | Reached skill level 5 in Transmutations
  5725 | D:5      | Found a shimmering altar of Xom.
  5726 | D:5      | Found a burning altar of Makhleb.
  5908 | D:6      | Found a glowing drain.
  5923 | Sewer    | Entered a sewer
  6024 | Sewer    | Noticed Purgy
  6033 | Sewer    | Killed Purgy
  6033 | Sewer    | Reached skill level 8 in Unarmed Combat
  6279 | D:6      | Reached XP level 8. HP: 59/59 MP: 7/11
  6611 | D:6      | Reached skill level 9 in Unarmed Combat
  6901 | D:6      | Found a staircase to the Ecumenical Temple.
  6915 | Temple   | Entered the Ecumenical Temple
  7147 | Temple   | Became a worshipper of Uskayaw the Reveler
  7171 | D:6      | Reached * piety under Uskayaw
  7172 | D:6      | Reached ** piety under Uskayaw
  7449 | D:6      | Reached *** piety under Uskayaw
  7626 | D:6      | Found a radiant altar of Vehumet.
  7894 | D:7      | Killed from afar by an orc priest

Illustrated notes

Levels and vault maps discovered:
D:1:      wander_arrival_chamber, layout_basic
D:2:      layout_loops_ring
D:3:      kennysheep_goblin_castle, layout_rooms, lemuel_crystal_altar,
          grunt_temple_overflow_cloverleaf, tgw_kikubaaqudgha
D:4:      layout_basic, gammafunk_temple_overflow_wave, evilmike_ruin_ashenzari,
          serial_shops, nicolae_shop_trees, kennysheep_generic_room_4
D:5:      layout_gridville, grunt_temple_overflow_champion_of_chaos,
          hangedman_decor_diamond_cutter
D:6:      layout_gridville, minmay_temple_entry_trees, portal_sewer_entry_b,
          basic_altar, minmay_misc_feat_iff
D:7:      layout_basic, led_sif_pool
Temple:   compressed_dpeg_triangle_lava_temple

Skill      XL: |  1  2  3  4  5  6  7  8 |
---------------+-------------------------+-----
Unarmed Combat | 4 5 7 8 9 |  9.9
Transmutations | 3 4 5 6 |  6.8
Fighting       | |  1.1
Dodging        | |  1.7
Spellcasting   | |  2.4

Action                   |  1- 3 |  4- 6 |  7- 9 || total
-------------------------+-------+-------+-------++-------
Melee: Unarmed           |   139 |   145 |   167 ||   451
       Kick              |    16 |    17 |    16 ||    49
       Headbutt          |    10 |    11 |     9 ||    30
       Tailslap          |     8 |     8 |     7 ||    23
       Punch             |     3 |     1 |       ||     4
 Cast: Beastly Appendage |    23 |    22 |    14 ||    59
       Spider Form       |       |     9 |    15 ||    24
 Abil: Breathe Dispellin |       |       |     2 ||     2
  Use: Scroll            |     5 |     3 |     6 ||    14
       Potion            |     1 |       |       ||     1
 Stab: Sleeping          |     1 |     2 |     1 ||     4
       Paralysed         |       |       |     3 ||     3
Armor: Skin              |    52 |    34 |    37 ||   123
Dodge: Dodged            |   100 |   120 |   120 ||   340

Table legend: (Time is in decaauts)
 A = Elapsed time spent in this place.
 B = Non-inter-level travel time spent in this place.
 C = Inter-level travel time spent in this place.
 D = Time resting spent in this place.
 E = Time spent auto-exploring this place.
 F = Levels seen in this place.
 G = Mean time per level.
                   A        B        C        D        E       F      G
               +--------+--------+--------+--------+--------+-----+--------+
         Total |   7856 |   7685 |    171 |    877 |   5669 |   9 |  872.9 |
       Dungeon |   7329 |   7175 |    154 |    877 |   5221 |   7 | 1047.0 |
        Temple |    250 |    233 |     17 |      0 |    221 |   1 |  250.0 |
         Sewer |    275 |    275 |      0 |      0 |    227 |   1 |  275.0 |
               +--------+--------+--------+--------+--------+-----+--------+

Top non-repeatable levels by time:
     D:2: 1594 daAuts
     D:6: 1331 daAuts
     D:5: 1309 daAuts
     D:1: 1155 daAuts
     D:3: 958 daAuts
     D:4: 831 daAuts
   Sewer: 275 daAuts
  Temple: 250 daAuts
     D:7: 149 daAuts
